AoeStats
← ME_DEPRIME_JUGAR_CON_USTEDES

MegaRandom

509495344Analyzed
3v3 RM · 4d ago on Sep 27, 2026· 54m 24s· 6 players
Game mode
Random Map
Map size
Normal (6 player)
Population
200
Speed
Normal
Resources
Standard
Victory
Conquest
Starting age
Dark Age
Ending age
Imperial Age
RankedLock teamsTeams togetherTeam positionsShared explorationLock speedFull tech treeHidden civsTurbo modeCheats
Victory
Defeat
🇦🇷 Romans · Argentina
1564
+17
🇦🇷 Aztecs · Argentina
1456
+21
🇦🇷 Muisca · Argentina
1415
+22
🇦🇺 Mapuche · Australia
1595
-21
🇦🇺 Shu · Australia
1593
-21
🇦🇺 Celts · Australia
1519
-18
JLoops
0:30 Loom
10:27 Feudal Age
14:12 Castle Age
12:24 Horse Collar
12:34 Double-Bit Axe
12:59 Horse Collar
13:44 Champi Runner
16:17 Squires
16:32 Scale Mail Armor
18:10 Chain Mail Armor
17:34 Champi Warrior
20:32 Forging
21:35 Chain Mail Armor
22:59 Heavy Plow
23:12 Bow Saw
23:29 Town Watch
24:34 Gold Mining
24:16 Pikeman
26:46 Iron Casting
27:48 Heavy Plow
27:38 Gold Mining
27:55 Gold Mining
28:44 Wheelbarrow
29:36 Gold Mining
31:11 Hand Cart
34:55 Gold Shaft Mining
39:39 Imperial Age
38:51 Herbalism
39:18 Fletching
39:41 Elite Champi Warrior
40:27 Huaracas
40:43 Conscription
40:54 Plate Mail Armor
47:35 Crop Rotation
49:48 Bodkin Arrow
50:54 Chemistry
ME_DEPRIME_JUGAR_CON_USTEDES
0:48 Loom
9:18 Feudal Age
9:30 Man-at-Arms
20:16 Scale Mail Armor
22:28 Castle Age
20:37 Double-Bit Axe
21:53 Forging
22:29 Horse Collar
22:33 Long Swordsman
23:34 Chain Mail Armor
28:24 Heavy Plow
28:42 Fletching
29:08 Pikeman
30:00 Bow Saw
32:01 Wheelbarrow
32:46 Iron Casting
34:22 Hand Cart
40:33 Imperial Age
38:20 Squires
38:25 Gold Mining
40:42 Legionary
42:23 Blast Furnace
40:48 Halberdier
40:58 Capped Ram
42:33 Comitatenses
42:39 Conscription
42:21 Town Watch
43:42 Siege Ram
44:55 Bodkin Arrow
49:35 Padded Archer Armor
52:59 Crop Rotation
53:45 Ballistas
Nikems
0:35 Loom
7:39 Feudal Age
8:28 Double-Bit Axe
12:16 Fletching
18:32 Horse Collar
21:58 Wheelbarrow
26:29 Castle Age
29:42 Scale Mail Armor
29:31 Arson
31:10 Chain Mail Armor
31:05 Forging
33:43 Iron Casting
42:02 Redemption
42:03 Fervor
46:52 Padded Archer Armor
47:02 Elite Skirmisher
47:41 Bodkin Arrow
48:03 Leather Archer Armor
48:27 Sanctity
49:01 Atlatl
50:40 Hand Cart
56:32 Imperial Age
Lloydy_23
0:27 Loom
8:32 Feudal Age
8:38 Feudal Age
9:05 Man-at-Arms
9:43 Double-Bit Axe
12:46 Fletching
20:36 Castle Age
21:22 Bodkin Arrow
32:56 Crossbowman
34:21 Bow Saw
36:38 Ballistics
37:06 Wheelbarrow
37:10 Thumb Ring
37:11 Horse Collar
38:00 Heavy Plow
39:01 Hand Cart
40:16 Fervor
40:01 Long Swordsman
44:08 Imperial Age
45:56 Chemistry
44:56 Bracer
44:55 Arbalester
47:10 Bolt Magazine
50:36 Scale Mail Armor
50:46 Forging
51:38 Conscription
51:06 Elite White Feather Guard
54:22 Chain Mail Armor
54:09 Padded Archer Armor
Stev
0:30 Loom
8:56 Feudal Age
19:44 Fletching
20:47 Double-Bit Axe
25:54 Castle Age
26:52 Forging
27:01 Bodkin Arrow
30:13 Horse Collar
35:13 Padded Archer Armor
37:47 Wheelbarrow
38:32 Iron Casting
39:06 Leather Archer Armor
40:43 Hand Cart
40:14 Town Watch
41:08 Bow Saw
46:26 Imperial Age
47:48 Gold Mining
48:14 Crossbowman
49:22 Elite Bolas Rider
52:03 Masonry
52:29 Heavy Plow
52:21 Stone Mining
54:21 Ballistics
Aido
0:32 Loom
8:40 Feudal Age
9:23 Double-Bit Axe
9:20 Horse Collar
11:24 Scale Barding Armor
13:32 Forging
15:34 Wheelbarrow
17:06 Gold Mining
20:11 Castle Age
20:15 Light Cavalry
21:12 Husbandry
22:36 Bow Saw
24:21 Chain Barding Armor
25:31 Iron Casting
26:34 Stone Mining
29:08 Hand Cart
28:39 Town Watch
40:10 Imperial Age
39:01 Gold Shaft Mining
38:38 Devotion
40:39 Heavy Plow
40:46 Scale Mail Armor
42:11 Blast Furnace
40:50 Cavalier
41:30 Hussar
42:14 Scale Mail Armor
41:35 Pikeman
42:01 Arson
42:39 Conscription
42:23 Halberdier
44:05 Chain Mail Armor
48:56 Man-at-Arms
49:22 Gambesons
50:17 Plate Mail Armor
49:59 Long Swordsman
50:49 Fletching
50:32 Two-Handed Swordsman
51:09 Champion
Connection lost

Rejoining the realm…

Still unreachable

The connection could not be restored.

Session expired

The server has moved on; the page needs a fresh start.